 Dungeon Crawl Stone Soup version 0.23.2-1-ga50397a (webtiles) character file.

Game seed: 14282777357010577838

14 MalarOregon the Sneak (level 2, 0/20 HPs)
             Began as a Ghoul Enchanter on May 26, 2019.
             Slain by a jackal (1 damage)
             ... on level 1 of the Dungeon.
             The game lasted 00:02:25 (595 turns).

MalarOregon the Sneak (Ghoul Enchanter)              Turns: 595, Time: 00:02:26

Health: 0/20       AC:  3    Str: 11    XL:     2   Next: 41%
Magic:  1/3        EV: 12    Int: 10    God:
Gold:   0          SH:  0    Dex:  9    Spells: 1/4 levels left

rFire    . . .     SeeInvis .   a - +1 dagger
rCold    + . .     Gourm    .   (no shield)
rNeg     + + +     Faith    .   b - +0 robe
rPois    ∞         Spirit   .   (no helmet)
rElec    .         Reflect  .   d - +0 cloak
rCorr    .         Harm     .   (no gloves)
MR       .....                  (no boots)
Stlth    ++........             (no amulet)
HPRegen  0.00/turn              (no ring)
MPRegen  0.08/turn              (no ring)

@: rotting
A: rotting body, claws 1, carnivore, cold resistance 1, negative energy
resistance 3, inhibited regeneration, torment resistance, unbreathing
a: no special abilities


You were on level 1 of the Dungeon.
You were not hungry.

You visited 1 branch of the dungeon, and saw 1 of its levels.

Inventory:

Hand Weapons
 a - a +1 dagger (weapon)
Armour
 b - a +0 robe (worn)
 d - a +0 cloak (worn)
   (You found it on level 1 of the Dungeon)
Scrolls
 f - 2 scrolls of teleportation {unknown}
Comestibles
 e - a ration {!d}


   Skills:
 * Level 1.3 Short Blades
 + Level 1.9 Dodging
 * Level 3.5 Stealth
 + Level 1.9 Spellcasting
 + Level 2.5 Hexes
 + Level 0.0 Ice Magic


You had one spell level left.
You knew the following spells:

 Your Spells              Type           Power        Failure   Level  Hunger
a - Corona                Hex            #......      12%         1    ##.....
x - Ensorcelled Hibernat  Hex/Ice        #.....       28%         2    ###....

Your spell library contained the following spells:

 Spells                   Type           Power        Failure   Level  Hunger
 Confuse                  Hex            #.......     34%         3    ####...
 Tukima's Dance           Hex            #.......     34%         3    ####...
 Dazzling Spray           Conj/Hex       #.....       50%         3    ####...


Dungeon Overview and Level Annotations

Branches:
Dungeon (1/15)

Altars:


Innate Abilities, Weirdness & Mutations

Your body is rotting away.
You thrive on raw meat.
You are immune to poison.
You have sharp fingernails.
You are carnivorous and can eat meat at any time.
Your flesh is cold resistant. (rC+)
You are immune to negative energy. (rN+++)
You do not regenerate when monsters are visible.
You are immune to unholy pain and torment.
You can survive without breathing.


Message History

You puncture the jackal!
You kill the jackal!
The jackal bites you but does no damage.
You closely miss the jackal. The jackal misses you.
The jackal closely misses you.
You closely miss the jackal. The jackal barely misses you.
The frilled lizard hisses angrily.
You hit the jackal.
The jackal bites you but does no damage.
You hit the frilled lizard.
You kill the frilled lizard!
The jackal bites you.
* * * LOW HITPOINT WARNING * * *
You hit the jackal. The jackal barely misses you.
The jackal bites you but does no damage.
You hit the jackal.
You kill the jackal!
You miss the jackal.
The jackal bites you but does no damage.
Eat a chunk of flesh? (ye/n/q)
You eat the chunk of flesh.
This raw flesh tastes great!
The jackal barely misses you. x2
You hit the jackal. The jackal barely misses you.
You closely miss the jackal. The jackal barely misses you.
You closely miss the jackal. The jackal closely misses you.
The jackal bites you.
You hit the jackal.
The jackal bites you but does no damage.
You barely miss the jackal. The jackal closely misses you.
Aim: a kobold, wielding a +0 whip of electrocution (chance to defeat MR: 52%)
The kobold looks drowsy...
The jackal closely misses you. The jackal bites you.
Things that are here:
12 gold pieces; a frilled lizard corpse; a jackal corpse You hit the kobold but do no damage.
The jackal bites you.
The kobold hits you with a +0 whip of electrocution.
You are electrocuted!
Ouch! That really hurt!
* * * LOW HITPOINT WARNING * * *
A hobgoblin comes into view. It is wielding a +0 club.
The kobold misses you. The jackal barely misses you.
Found 21 arrows and 11 gold pieces.
Unknown command.
Found 14 gold pieces.
The hobgoblin shouts!
The frilled lizard hisses angrily.
Found a robe.
The frilled lizard closely misses you.
The jackal bites you but does no damage.
The jackal bites you.
You die...

#.............h.###K###
#...........###$# #...#
#.......$...# #.# #.###
#...........# #)# #.#
#......g....# #.###.#
#...........# #.....#
#......K....# ####### #
#.....hhl.$.# #
#.....@[....# ######
#...........# #.....
############# #.....
#..... ###### # ######
#..... #..÷..


You could see 2 jackals, a hobgoblin, a kobold and a frilled lizard.

Vanquished Creatures
  2 leopard geckos (D:1)
  2 bats (D:1)
  A hobgoblin (D:1)
  2 jackals (D:1)
  A frilled lizard (D:1)
  2 kobolds (D:1)
  A rat (D:1)
11 creatures vanquished.

Notes
Turn   | Place    | Note
-------+----------+-------------------------------------------
     0 | D:1      | MalarOregon the Ghoul Enchanter began the quest for the
                  | Orb.
     0 | D:1      | Reached XP level 1. HP: 14/14 MP: 2/2
   150 | D:1      | Reached skill level 1 in Short Blades
   318 | D:1      | Reached XP level 2. HP: 9/20 MP: 0/3
   500 | D:1      | Learned a level 2 spell: Ensorcelled Hibernation
   584 | D:1      | HP: 1/20 [kobold/+0 whip of electrocution (11)]
   595 | D:1      | Slain by a jackal

Skill      XL: |  1 |
---------------+----+-----
Short Blades   | 1 |  1.3
Dodging        | |  1.9
Stealth        | |  3.5
Spellcasting   | |  1.9
Hexes          | |  2.5

Action                   || total
-------------------------++-------
Melee: Dagger            ||    53
 Cast: Corona            ||     6
       Ensorcelled Hiber ||     2
 Stab: Sleeping          ||     2
  Eat: Chunk             ||     4
Armor: Robe              ||    23
Dodge: Dodged            ||    50
